 Dungeon Crawl Stone Soup version 0.29.0-7-g18a832c13a (webtiles) character file.

Game seed: 15807172627339330530

3787 Leibowitz the Covert (level 10, -11/66 HPs)
             Began as a Kobold Fighter on Aug 30, 2022.
             Was an Initiate of Okawaru.
             Killed from afar by an acid dragon (27 damage)
             ... with a splash of acid
             ... on level 8 of the Dungeon.
             The game lasted 00:15:14 (8154 turns).

Leibowitz the Covert (Kobold Fighter)               Turns: 8154, Time: 00:15:15

Health: -11/66     AC:  6    Str: 17    XL:     10   Next: 38%
Magic:  0/9        EV: 17    Int: 11    God:    Okawaru [......]
Gold:   518        SH:  7    Dex: 23    Spells: 9/9 levels left

rFire   + . .      SeeInvis .   A - +9 rapier of the Spheres {elec, rN+}
rCold   . . .      Faith    .   c - +0 buckler
rNeg    + . .      Spirit   +   h - +0 leather armour
rPois   .          Reflect  .   a - +0 helmet
rElec   .          Harm     .   H - +0 cloak
rCorr   .          Rampage  .   r - +0 pair of gloves {Dex+3}
Will    +....                   (no boots)
Stlth   ++++++++..              K - amulet of guardian spirit
HPRegen 0.21/turn               m - +6 ring of strength
MPRegen 0.11/turn               q - ring of protection from fire

@: mighty
A: small, no large weapons, nightstalker 3, thin skeletal structure 1, low MP 1,
strong-willed 1, robust 1, weak 1
a: Renounce Religion


You were on level 8 of the Dungeon.
You worshipped Okawaru.
Okawaru was noncommittal.
You visited 2 branches of the dungeon, and saw 9 of its levels.
You also visited: Ossuary.

You collected 518 gold pieces.

Inventory:

Hand Weapons
 b - a +2 dagger of flaming
 k - a +2 short sword of protection
 A - the +9 rapier of the Spheres (weapon) {elec, rN+}
   (You found it on level 3 of the Dungeon)

   It occasionally discharges a powerful burst of electricity upon striking a
   foe.
   rN:        It protects you from negative energy.
Missiles
 s - 4 atropa-tipped darts
 D - 19 poisoned darts (quivered)
Armour
 a - a +0 helmet (worn)
 c - a +0 buckler (worn)
 h - a +0 leather armour (worn)
 r - a +0 pair of gloves of dexterity (worn)
 H - a +0 cloak (worn)
Jewellery
 m - a +6 ring of strength (left hand)
 q - a ring of protection from fire (right hand)
 G - a ring of magical power
 K - an amulet of guardian spirit (around neck)
Wands
 i - a wand of paralysis (13)
 p - a wand of mindburst (21)
 L - a wand of iceblast (16)
 M - a wand of flame (15)
Scrolls
 e - 2 scrolls of poison
 f - a scroll of brand weapon {unknown}
 g - 5 scrolls of identify
 j - 2 scrolls of teleportation
 l - 2 scrolls of immolation {unknown}
 n - 2 scrolls of butterflies {unknown}
 t - a scroll of vulnerability {unknown}
 u - a scroll of enchant armour {unknown}
 v - a scroll of noise {unknown}
 w - a scroll of enchant weapon {unknown}
 x - a scroll of magic mapping {unknown}
 y - a scroll of torment {unknown}
 B - a scroll of amnesia {unknown}
Potions
 d - 2 potions of might
 o - 3 potions of lignification
 C - a potion of haste
 F - a potion of ambrosia {unknown}
 I - a potion of cancellation {unknown}
 J - a potion of resistance


   Skills:
 * Level 6.1 Fighting
 * Level 9.2 Short Blades
 + Level 0.4 Throwing
 + Level 3.3 Armour
 * Level 4.9 Dodging
 * Level 13.0 Stealth
 * Level 4.6 Shields


You had 9 spell levels left.
You didn't know any spells.
Your spell library contained the following spells:

 Spells                   Type           Power      Damage    Failure   Level
 Foxfire                  Conj/Fire      0%         2x1d4     52%         1
 Freeze                   Ice            0%         1d3       52%         1
 Conjure Flame            Conj/Fire      0%         6-21      88%         3
 Frozen Ramparts          Ice            0%         1d1       88%         3
 Inner Flame              Hex/Fire       0%         N/A       88%         3
 Flame Wave               Conj/Fire      0%         2d4       99%         4
 Hailstorm                Conj/Ice       0%         3d3       99%         4
 Passage of Golubria      Tloc           0%         N/A       99%         4
 Yara's Violent Unravell  Hex/Tmut       0%         3d3       100%        5
 Tukima's Dance           Hex            Unusable   N/A       N/A         3

Dungeon Overview and Level Annotations

Branches:
Dungeon (8/15)             Temple (1/1) D:7         Ossuary (visited)
   Lair: D:8-11

Altars:
Ashenzari
Cheibriados
Elyvilon
Fedhas
Gozag
Kikubaaqudgha
Makhleb
Nemelex Xobeh
Okawaru
Qazlal
Ru
Trog
Uskayaw
Vehumet
Wu Jian
Xom
Zin

Shops:
D:3 (

Portals:
Abyss: D:3

Annotations:
D:3 2 transporters, Leibowitz's ghost, amateur KoFi
D:5 2 transporters, paps's ghost, weakling OpDe


Innate Abilities, Weirdness & Mutations

You are small and have problems with some larger weapons.
You are completely attuned to the shadows.
You have a somewhat thin skeletal structure. (Dex +2, Stealth+)
Your magical capacity is low. (-10% MP)
You are strong-willed. (Will+)
You are robust. (+10% HP)
You are weak. (Str -2)


Message History

The bullfrog hits you.
* * * LOW HITPOINT WARNING * * *
The hornet stings you.
* * * LOW HITPOINT WARNING * * *
You feel yourself slow down.
The gnoll shouts!
* * * LOW HITPOINT WARNING * * *
You feel extremely sick. The hornet barely misses you. The hornet misses you.
The bullfrog misses you.
Okay, then.
You feel better.
The bullfrog hits you but does no damage.
You block the hornet's attack. The gnoll barely misses you.
The gnoll sergeant barely misses you.
The bullfrog hits you but does no damage.
The hornet barely misses you. You block the gnoll's attack.
The gnoll sergeant misses you.
As you read the scroll of teleportation, it crumbles to dust.
You feel strangely unstable.
You feel yourself speed up. The bullfrog hits you.
* * * LOW HITPOINT WARNING * * *
The hornet stings you!
* * * LOW HITPOINT WARNING * * *
You feel yourself slow down. The bullfrog barely misses you.
The gnoll misses you.
The gnoll sergeant completely misses you.
The hornet barely misses you.
You feel better.
Your surroundings suddenly seem different.
You start resting.
You feel yourself speed up.
You start resting.
A hornet is nearby!
You feel very mighty all of a sudden.
Found a potion of might.
You completely miss the acid dragon. The acid dragon spits acid at you.
The splash of acid hits you!!
You die...

......##.gFygg..y.....##
....#####ggDg... ..F...#
....###...o..... ....#
................ #...##
......##.....g.# #....#
...##..#))..##..###..###
..# ##.).............#
.. #..###....$.....##
....# .......@...#
.....# ......D..###
J....# ........# .......
..!...##


You could see an acid dragon (catching breath) and a gnoll.

Vanquished Creatures
  Prince Ribbit (D:6)
  A hornet (D:7)
  Sigmund (D:6)
  Edmund (D:5)
  2 water moccasins (D:6)
  An ice beast (D:5)
  An orc warrior (D:6)
  A sky beast (D:6)
  3 black bears
  2 ogres
  2 phantoms (D:6)
  A kobold brigand (D:7)
  2 bullfrogs (D:7)
  A necrophage (D:5)
  9 scorpions
  4 wights (D:6)
  2 centaur zombies (Ossuary)
  2 orc priests
  4 human zombies
  3 jellies
  2 hounds
  2 gnoll boudas
  Crazy Yiuf (D:6)
  A scorpion zombie (Ossuary)
  3 iguanas
  4 orc wizards
  3 mummies (Ossuary)
  6 gnolls
  4 adders
  A white imp (D:5)
  An ufetubus (D:4)
  3 worms
  3 dart slugs
  25 orcs
  4 bats
  9 endoplasms
  6 giant cockroaches
  3 gnoll zombies (Ossuary)
  7 goblins
  9 hobgoblins
  6 jackals
  2 quokkas
  10 ball pythons
  3 frilled lizards
  2 goblin zombies (Ossuary)
  3 hobgoblin zombies (Ossuary)
  A jackal zombie (D:4)
  9 kobolds
  3 kobold zombies (Ossuary)
  7 rats
  A rat zombie (D:4)
188 creatures vanquished.

Vanquished Creatures (others)
  A sky beast (D:6)
  9 plants (D:3)
10 creatures vanquished.

Grand Total: 198 creatures vanquished

Notes
Turn   | Place    | Note
-------+----------+-------------------------------------------
     0 | D:1      | Leibowitz the Kobold Fighter began the quest for the Orb.
     0 | D:1      | Reached XP level 1. HP: 14/14 MP: 1/1
   236 | D:1      | Reached XP level 2. HP: 10/19 MP: 2/2
   681 | D:1      | Reached XP level 3. HP: 23/23 MP: 3/3
  1084 | D:1      | Reached skill level 1 in Stealth
  1196 | D:1      | Reached skill level 1 in Dodging
  1729 | D:2      | Reached XP level 4. HP: 29/29 MP: 4/4
  2493 | D:3      | Identified the +9 rapier of the Spheres {elec, rN+}
  2600 | D:3      | Found a faded altar of an unknown god.
  2798 | D:3      | Reached skill level 2 in Stealth
  2814 | D:3      | Found a transporter.
  2831 | D:3      | Noticed a small abomination
  2851 | D:3      | Found a transporter.
  2861 | D:3      | Found a one-way gate to the infinite horrors of the Abyss.
  2861 | D:3      | Noticed Leibowitz's ghost (amateur KoFi)
  2897 | D:3      | Reached XP level 5. HP: 30/33 MP: 5/5
  2972 | D:3      | Found the +8 demon trident "Rift" {distort, reach+}
  3160 | D:3      | Found Plog's Antique Weapon Shoppe.
  3408 | D:3      | Gained mutation: You are dopey. (Int -2) [potion of
                  | mutation]
  3408 | D:3      | Gained mutation: Your flesh is cold resistant. (rC+)
                  | [potion of mutation]
  3408 | D:3      | Gained mutation: You are weak. (Str -2) [potion of
                  | mutation]
  3409 | D:3      | Lost mutation: You are dopey. (Int -2) [potion of mutation]
  3409 | D:3      | Lost mutation: Your flesh is cold resistant. (rC+) [potion
                  | of mutation]
  3409 | D:3      | Gained mutation: You have a somewhat thin skeletal
                  | structure. (Dex +2, Stealth+) [potion of mutation]
  3409 | D:3      | Gained mutation: You are robust. (+10% HP) [potion of
                  | mutation]
  3409 | D:3      | Gained mutation: Your magical capacity is low. (-10% MP)
                  | [potion of mutation]
  3409 | D:3      | Gained mutation: You are strong-willed. (Will+) [potion of
                  | mutation]
  3474 | D:4      | Reached skill level 3 in Stealth
  3810 | D:4      | Reached XP level 6. HP: 41/41 MP: 5/5
  3939 | D:4      | Reached skill level 4 in Stealth
  3976 | D:4      | Found a sand-covered staircase.
  3996 | Ossuary  | Entered an ossuary
  4100 | Ossuary  | Reached skill level 5 in Short Blades
  4108 | Ossuary  | Reached skill level 5 in Stealth
  4108 | Ossuary  | Reached XP level 7. HP: 45/48 MP: 6/6
  4193 | Ossuary  | Reached skill level 6 in Stealth
  4274 | Ossuary  | Reached XP level 8. HP: 52/52 MP: 7/7
  4307 | Ossuary  | Reached skill level 7 in Stealth
  5077 | D:4      | Reached skill level 8 in Stealth
  5219 | D:5      | Entered Level 5 of the Dungeon
  5291 | D:5      | Noticed Edmund
  5295 | D:5      | Killed Edmund
  5296 | D:5      | Reached skill level 5 in Fighting
  5511 | D:5      | Reached skill level 9 in Stealth
  5511 | D:5      | Reached XP level 9. HP: 59/59 MP: 8/8
  5619 | D:5      | Found a transporter.
  5622 | D:5      | Noticed paps's ghost (weakling OpDe)
  5626 | D:5      | Found a transporter.
  5627 | D:5      | Identified the +4 great mace of a Million Beasts {vorpal,
                  | +Blink rPois Will+ Dex-5}
  6198 | D:6      | Noticed Prince Ribbit
  6200 | D:6      | Reached skill level 10 in Stealth
  6208 | D:6      | Killed Prince Ribbit
  6449 | D:6      | Noticed Sigmund
  6453 | D:6      | Killed Sigmund
  6468 | D:6      | Reached skill level 11 in Stealth
  6603 | D:6      | Found a runed translucent door.
  6606 | D:6      | Noticed Crazy Yiuf
  6611 | D:6      | Killed Crazy Yiuf
  6676 | D:6      | Identified the +2 robe of Recklessness {Str+3}
  6709 | D:6      | Reached skill level 12 in Stealth
  6709 | D:6      | Reached XP level 10. HP: 21/64 MP: 9/9
  7711 | D:7      | Found an iron altar of Okawaru.
  7724 | D:7      | Became a worshipper of Warmaster Okawaru
  7728 | D:7      | Reached skill level 13 in Stealth
  7874 | D:7      | Found a staircase to the Ecumenical Temple.
  7880 | Temple   | Entered the Ecumenical Temple
  8143 | D:8      | HP: 3/66 [hornet (7)]
  8154 | D:8      | Killed from afar by an acid dragon

Illustrated notes

Levels and vault maps discovered:
D:1:      psy_arrival_whirlpool, layout_basic
D:2:      layout_basic, minmay_misc_feat_enclosed
D:3:      layout_basic, gammafunk_ghost_abyssal_escape,
          dilly_ecumenical_altar_fadedgnrine, serial_shops, nicolae_shop_stone
D:4:      minmay_bubble_buster, layout_basic, enter_ossuary_3
D:5:      layout_loops_corners, gammafunk_ghost_smash, uniq_edmund
D:6:      layout_cave_pools, uniq_sigmund, uniq_crazy_yiuf_cottage,
          uniq_prince_ribbit1
D:7:      layout_rooms, okawaru_metal_pillars_3, minmay_temple_entry_nine_rooms
D:8:      layout_cave_pools, mainiacjoe_overflow_alcove_4, nicolae_water_bricks,
          uniq_pikel, uniq_joseph
Temple:   nicolae_temple_superstar

Skill      XL: |  1  2  3  4  5  6  7  8  9 10 |
---------------+-------------------------------+-----
Short Blades   | 3 4 5 6 7 8 9 |  9.2
Stealth        | 1 2 3 5 6 9 12 13 | 13.0
Dodging        | 1 2 3 4 |  4.9
Fighting       | 4 5 6 |  6.1
Shields        | 3 4 |  4.6
Armour         | 3 |  3.3
Throwing       | |  0.4

Action                   |  1- 3 |  4- 6 |  7- 9 | 10-12 || total
-------------------------+-------+-------+-------+-------++-------
Melee: Rapier            |    77 |    74 |   117 |    68 ||   336
       Dagger            |    27 |    34 |       |       ||    61
Throw: Dart              |       |       |     1 |     4 ||     5
Evoke: Wand              |       |       |     1 |       ||     1
  Use: Potion            |       |     4 |     1 |     6 ||    11
       Scroll            |       |       |     4 |     1 ||     5
 Stab: Sleeping          |    11 |    18 |    38 |    13 ||    80
       Distracted        |       |       |     1 |       ||     1
       Paralysed         |       |       |     1 |       ||     1
Armor: Scale mail        |    30 |       |       |       ||    30
       Leather armour    |     5 |    24 |    16 |    11 ||    56
Dodge: Dodged            |    48 |    47 |    34 |    60 ||   189
Block: Buckler           |    15 |    19 |    20 |    32 ||    86
